 Dungeon Crawl Stone Soup version 0.29.1-15-g9cfb28693d (webtiles) character file.

Game seed: 2895211452155629124

37 Ast3rio the Grave Robber (level 3, 0/19 HPs)
             Began as a Deep Elf Necromancer on Mar 13, 2023.
             Slain by a gnoll
             ... wielding a +1 whip of electrocution
              (7 damage)
             ... on level 2 of the Dungeon.
             The game lasted 00:03:58 (877 turns).

Ast3rio the Grave Robber (Deep Elf Necromancer)      Turns: 877, Time: 00:04:00

Health: 0/19       AC:  2    Str:  5    XL:     3   Next: 23%
Magic:  0/10       EV:  7    Int: 21    God:
Gold:   56         SH:  0    Dex: 21    Spells: 6/9 levels left

rFire   . . .      SeeInvis .   (no weapon)
rCold   . . .      Faith    .   (no shield)
rNeg    . . .      Spirit   .   a - +0 robe
rPois   .          Reflect  .   (no helmet)
rElec   .          Harm     .   (no cloak)
rCorr   .          Rampage  .   (no gloves)
Will    .....                   (no boots)
Stlth   +++.......              (no amulet)
HPRegen 0.06/turn               h - +6 ring of dexterity
MPRegen 0.12/turn               (no ring)

@: held
A: no striking features
a: no special abilities


You were on level 2 of the Dungeon.
You visited 1 branch of the dungeon, and saw 2 of its levels.

You collected 56 gold pieces.

Inventory:

Armour
 a - a +0 robe (worn)
Jewellery
 h - a +6 ring of dexterity (left hand)
Scrolls
 e - a scroll of poison {unknown}
 f - a scroll of identify {unknown}
 g - a scroll of fear {unknown}
Potions
 b - a potion of magic
 c - a potion of ambrosia {unknown}
 d - a potion of haste {unknown}


   Skills:
 + Level 3.1 Dodging
 + Level 3.1 Stealth
 + Level 3.6 Spellcasting
 + Level 5.2 Necromancy


You had 6 spell levels left.
You knew the following spells:

 Your Spells              Type           Power      Damage    Failure   Level
a - Necrotise             Necr           100%       1d9       1%          1
b - Sublimation of Blood  Necr           25%        N/A       2%          2

Your spell library contained the following spells:

 Spells                   Type           Power      Damage    Failure   Level
 Vampiric Draining        Necr           25%        2d7       4%          3
 Freeze                   Ice            12%        1d4       13%         1
 Animate Dead             Necr           25%        N/A       14%         4
 Frozen Ramparts          Ice            6%         1d1       36%         3
 Tukima's Dance           Hex            3%         N/A       36%         3
 Agony                    Necr           25%        N/A       38%         5
 Hailstorm                Conj/Ice       3%         3d3       77%         4
 Passage of Golubria      Tloc           3%         N/A       77%         4
 Petrify                  Tmut/Erth      3%         N/A       77%         4
 Irradiate                Conj/Tmut      1%         3d12      98%         5
 Yara's Violent Unravell  Hex/Tmut       1%         3d3       98%         5


Dungeon Overview and Level Annotations

Branches:
Dungeon (2/15)

Altars:


Message History

Press: ? - help, Shift-Dir - straight line, f/p - gnoll
Aim: a gnoll, wielding a +0 flail (moderately wounded, chance to affect: 86%)
The gnoll writhes in agony.
The gnoll hits you with a +0 flail!
Ouch! That really hurt!
The gnoll throws a throwing net.
The throwing net hits you.
You become entangled in the net!
Casting: Necrotise (safe; 1% risk of failure)
Confirm with . or Enter, or press ? or * to list all spells.
Aiming: Necrotise (safe; 1% risk of failure)
Press: ? - help, Shift-Dir - straight line, f/p - gnoll
Aim: a gnoll, wielding a +0 flail (severely wounded, chance to affect: 86%)
The gnoll writhes in agony!
You kill the gnoll!
The dead are walking!
The gnoll barely misses you.
You have reached level 3!
Your experience leads to an increase in your attributes!
Your base attributes are Str 5, Int 19, Dex 15.
Increase (S)trength, (I)ntelligence, or (D)exterity?
You feel clever. x2
Casting: Necrotise (safe; 1% risk of failure)
Confirm with . or Enter, or press ? or * to list all spells.
Aiming: Necrotise (safe; 1% risk of failure)
Press: ? - help, Shift-Dir - straight line, f - gnoll
Aim: a gnoll, wielding a +1 whip of electrocution (ally target, chance to affect: 88%)
The gnoll writhes in agony.
Casting: Necrotise (safe; 1% risk of failure)
Confirm with . or Enter, or press ? or * to list all spells.
Aiming: Necrotise (safe; 1% risk of failure)
Press: ? - help, Shift-Dir - straight line, f/p - gnoll
Aim: a gnoll, wielding a +1 whip of electrocution (lightly wounded, ally target, chance to affect: 88%)
The gnoll barely resists.
Your gnoll skeleton closely misses the gnoll.
Casting: Necrotise (safe; 1% risk of failure)
Confirm with . or Enter, or press ? or * to list all spells.
Aiming: Necrotise (safe; 1% risk of failure)
Press: ? - help, Shift-Dir - straight line, f/p - gnoll
Aim: a gnoll, wielding a +1 whip of electrocution (lightly wounded, ally target, chance to affect: 88%)
The gnoll writhes in agony.
Your gnoll skeleton misses the gnoll.
The gnoll hits you with a +1 whip of electrocution!
You die...

#....# ..
#....### #.#
#......#
#..##....###
#..###.##
#.. #.#
#.##.#
#....#
###@.#
#ggg....#
#.#.Z...?#
#.##.....# .
#####..# ##
#.# .(


You could see 3 gnolls and a friendly gnoll skeleton.

Vanquished Creatures
  A gnoll (D:2)
  A dart slug (D:2)
  2 ball pythons (D:1)
  A bat (D:1)
  3 endoplasms (D:1)
  3 goblins (D:1)
  5 hobgoblins
  A quokka (D:1)
  3 kobolds (D:1)
  A rat (D:1)
21 creatures vanquished.

Notes
Turn   | Place    | Note
-------+----------+-------------------------------------------
     0 | D:1      | Ast3rio the Deep Elf Necromancer began the quest for the
                  | Orb.
     0 | D:1      | Reached XP level 1. HP: 10/10 MP: 6/6
   236 | D:1      | Reached XP level 2. HP: 15/15 MP: 6/8
   242 | D:1      | Reached skill level 5 in Necromancy
   448 | D:1      | Found a faded altar of an unknown god.
   851 | D:2      | Learned a level 2 spell: Sublimation of Blood
   875 | D:2      | Reached XP level 3. HP: 7/19 MP: 3/10
   877 | D:2      | Slain by a gnoll

Illustrated notes

Levels and vault maps discovered:
D:1:      scummos_arrival_forest, layout_basic, basic_ecumenical_altar,
          serial_glass, glass_columns_a, glass_columns_a, st_stairs_6,
          minmay_misc_feat_ornament
D:2:      layout_basic, serial_shops, shop, nrook_uturn

Skill      XL: |  1  2 |
---------------+-------+-----
Necromancy     | 5 |  5.2
Stealth        | 3 |  3.1
Dodging        | 3 |  3.1
Spellcasting   | |  3.6

Action                   || total
-------------------------++-------
 Cast: Necrotise         ||    36
Armor: Robe              ||     1
Dodge: Dodged            ||     3
